 Dungeon Crawl Stone Soup version 0.29-a0-757-g358383bc75 (webtiles) character file.

Game seed: 16495816198719803341

3250 buhh the Skirmisher (level 10, -3/80 HPs)
             Began as a Formicid Hunter on June 30, 2022.
             Slain by a seven-headed hydra (12 damage)
             ... on level 9 of the Dungeon.
             The game lasted 00:15:01 (9370 turns).

buhh the Skirmisher (Formicid Hunter)               Turns: 9370, Time: 00:15:01

Health: -3/80      AC:  9    Str: 15    XL:     10   Next: 19%
Magic:  10/10      EV: 13    Int: 17    God:
Gold:   99         SH:  0    Dex: 31    Spells: 9/9 levels left

rFire   . . .      SeeInvis +   a - +0 shortbow
rCold   . . .      Faith    .   (no shield)
rNeg    . . .      Spirit   .   I - +1 leather armour "Put-Me-On" {Int+7 Dex+4}
rPois   .          Reflect  .   (helmet unavailable)
rElec   .          Harm     .   r - +0 cloak
rCorr   .          Rampage  .   (no gloves)
Will    +....                   (no boots)
Stlth   +++.......              (no amulet)
HPRegen 0.23/turn               z - +4 ring of protection
MPRegen 0.12/turn               o - +6 ring of dexterity

@: no status effects
A: permanent stasis, dig shafts and tunnels, antennae 3, four strong arms
a: Dig, Shaft Self


You were on level 9 of the Dungeon.
You visited 2 branches of the dungeon, and saw 10 of its levels.

You collected 359 gold pieces.
You spent 260 gold pieces at shops.

Inventory:

Hand Weapons
 a - a +0 shortbow (weapon)
 b - the +9 sword of Zonguldrok {reap}
   (You found it on level 2 of the Dungeon)

   Any living foe damaged by it may be reanimated upon death as a zombie
   friendly to the wielder, with an increasing chance as more damage is dealt.
Missiles
 m - 17 poisoned darts
Armour
 e - a scarf of shadows
 r - a +0 cloak (worn)
 I - the +1 leather armour "Put-Me-On" (worn) {Int+7 Dex+4}
   (You found it on level 6 of the Dungeon)

   Int:       It affects your intelligence (+7).
   Dex:       It affects your dexterity (+4).
Jewellery
 d - a ring of positive energy
 l - a ring of magical power
 o - a +6 ring of dexterity (right hand)
 z - a +4 ring of protection (left hand)
Wands
 f - a wand of flame (5)
 n - a wand of polymorph (7)
 F - a wand of iceblast (9)
 J - a wand of charming (10)
Scrolls
 t - 10 scrolls of teleportation {!d}
 v - 2 scrolls of vulnerability {unknown}
 x - a scroll of acquirement {unknown}
 y - a scroll of enchant weapon {unknown}
 A - a scroll of amnesia {unknown}
 B - 2 scrolls of noise
 C - a scroll of poison {unknown}
 E - 2 scrolls of enchant armour {unknown}
 H - a scroll of fog {unknown}
 K - a scroll of torment {unknown}
 P - a scroll of magic mapping {!r!d}
 T - 2 scrolls of immolation {!d}
Potions
 c - a potion of haste {unknown}
 h - a potion of invisibility {unknown}
 i - 2 potions of brilliance {unknown}
 j - 2 potions of curing {unknown}
 k - 2 potions of flight
 p - 2 potions of degeneration {unknown}
 s - a potion of mutation {unknown}
 u - a potion of might {unknown}
 w - a potion of attraction {unknown}
 D - a potion of magic {unknown}
 G - a potion of resistance {unknown}
 M - a potion of heal wounds {!q!d}


   Skills:
 - Level 8.0 Fighting
 - Level 2.7 Long Blades
 * Level 11.6 Ranged Weapons
 - Level 2.0 Dodging
 - Level 4.0 Stealth


You had 9 spell levels left.
You didn't know any spells.
Your spell library contained the following spells:

 Spells                   Type           Power      Damage    Failure   Level
 Apportation              Tloc           0%         N/A       28%         1
 Necrotize                Necr           0%         1d4       28%         1
 Slow                     Hex            0%         N/A       28%         1
 Summon Small Mammal      Summ           0%         N/A       28%         1
 Confusing Touch          Hex            0%         N/A       65%         3
 Frozen Ramparts          Ice            0%         1d2       65%         3
 Gell's Gravitas          Tloc           0%         N/A       65%         3
 Lesser Beckoning         Tloc           0%         N/A       65%         3
 Ozocubu's Armour         Ice            0%         N/A       65%         3
 Teleport Other           Tloc           0%         N/A       65%         3
 Tukima's Dance           Hex            0%         N/A       65%         3
 Vampiric Draining        Necr           0%         2d6       65%         3
 Ice Form                 Ice/Tmut       0%         N/A       96%         4
 Passage of Golubria      Tloc           0%         N/A       96%         4
 Summon Ice Beast         Ice/Summ       0%         N/A       96%         4
 Alistair's Intoxication  Tmut/Pois      0%         N/A       100%        5
 Manifold Assault         Tloc           0%         N/A       100%        5
 Summon Forest            Summ/Tloc      0%         N/A       100%        5
 Yara's Violent Unravell  Hex/Tmut       0%         3d3       100%        5
 Eringya's Noxious Bog    Tmut/Pois      0%         N/A       100%        6
 Ozocubu's Refrigeration  Ice            0%         4d5       100%        7
 Summon Hydra             Summ           0%         N/A       100%        7
 Blink                    Tloc           Unusable   N/A       N/A         2

Dungeon Overview and Level Annotations

Branches:
Dungeon (9/15) Zot: 25472  Temple (1/1) D:6 Zot: 5742
   Lair: D:8-11         Orc: D:9-12

Altars:
Ashenzari
Cheibriados
Dithmenos
Elyvilon
Fedhas
Gozag
Kikubaaqudgha
Makhleb
Okawaru
Qazlal
Ru
Sif Muna
Trog
Uskayaw
Vehumet
Wu Jian
Xom
Yredelemnul
Zin
The Shining One

Shops:
D:6 !

Annotations:
D:5 2 runed translucent doors, porpoise's ghost, weakling MfDe


Innate Abilities, Weirdness & Mutations

You cannot be hasted, slowed, berserked, paralysed or teleported.
You can dig through walls and to a lower floor.
You have a pair of large antennae on your head. (SInv)
Your four strong arms can wield two-handed weapons with a shield.


Message History

The seven-headed hydra bites you but does no damage.
The seven-headed hydra bites you.
You shoot an arrow.
The arrow barely misses the seven-headed hydra.
The seven-headed hydra bites you! The seven-headed hydra bites you.
The seven-headed hydra bites you! The seven-headed hydra bites you.
The seven-headed hydra barely misses you.
The seven-headed hydra bites you. x2
You are too injured to fight recklessly!
Okay, then.
Really quaff
M - 3 potions of heal wounds {!q!d}?
You feel much better.
The seven-headed hydra closely misses you.
The seven-headed hydra barely misses you.
The seven-headed hydra bites you!
The seven-headed hydra barely misses you. x2
The seven-headed hydra bites you but does no damage.
The seven-headed hydra bites you!
Really quaff
M - 2 potions of heal wounds {!q!d}?
You feel much better. The seven-headed hydra bites you! x2
* * * LOW HITPOINT WARNING * * *
The seven-headed hydra bites you.
* * * LOW HITPOINT WARNING * * *
The seven-headed hydra misses you.
The seven-headed hydra closely misses you.
The seven-headed hydra barely misses you.
The seven-headed hydra bites you!
* * * LOW HITPOINT WARNING * * *
Aiming: Iceblast
Press: ? - help, Shift-Dir - straight line, p - seven-headed hydra The mass of ice explodes!
The iceblast engulfs the seven-headed hydra!
The seven-headed hydra is almost dead.
The seven-headed hydra bites you but does no damage.
The seven-headed hydra closely misses you.
The seven-headed hydra bites you but does no damage.
The seven-headed hydra bites you.
* * * LOW HITPOINT WARNING * * *
The seven-headed hydra bites you!
You die...

#####
##...##
##.....##
#.......#
#.......#
#..@....#
##.D...##
##.....##
####.......#
#..........#
#.##.......#
# ##.....##
##)).##
#<###


You could see a seven-headed hydra.

Vanquished Creatures
  A warg (D:8)
  3 water moccasins (D:7)
  A sky beast (D:8)
  An ice beast (D:6)
  An orc warrior (D:6)
  2 phantoms
  A kobold brigand (D:9)
  A bullfrog (D:8)
  2 scorpions
  10 wights
  4 killer bees (D:8)
  A hound (D:5)
  3 jellies
  6 orc priests
  A gnoll shaman (D:9)
  An iguana (D:5)
  Terence (D:2)
  7 orc wizards
  4 gnolls
  5 adders
  A shadow imp (D:6)
  A white imp (D:6)
  3 ufetubi (D:5)
  2 worms
  A dart slug (D:4)
  19 orcs
  8 bats
  7 endoplasms
  2 giant cockroaches (D:1)
  9 goblins
  8 hobgoblins
  4 jackals
  2 quokkas (D:5)
  8 ball pythons
  A frilled lizard (D:2)
  19 kobolds
  5 rats
156 creatures vanquished.

Vanquished Creatures (collateral kills)
  A two-headed ogre (D:8)
  A hound (D:5)
  A jelly (D:5)
  2 orcs
  A ball python (D:1)
  A goblin (D:1)
  A kobold (D:6)
8 creatures vanquished.

Vanquished Creatures (others)
  A water moccasin zombie (D:7)
  A scorpion zombie (D:7)
  2 killer bee zombies (D:8)
  A bat zombie (D:1)
  An endoplasm zombie (D:4)
  A goblin zombie (D:4)
  6 kobold zombies (D:9)
  15 orc zombies
  A quokka zombie (D:5)
  A plant (D:9)
30 creatures vanquished.

Grand Total: 194 creatures vanquished

Notes
Turn   | Place    | Note
-------+----------+-------------------------------------------
     0 | D:1      | buhh the Formicid Hunter began the quest for the Orb.
     0 | D:1      | Reached XP level 1. HP: 16/16 MP: 1/1
    55 | D:1      | Reached XP level 2. HP: 17/23 MP: 2/2
    59 | D:1      | You fall into a shaft and drop 1 floor!
   296 | D:2      | Found the +9 sword of Zonguldrok {reap}
   310 | D:2      | You fall into a shaft and drop 2 floors!
   811 | D:3      | Reached XP level 3. HP: 15/28 MP: 3/3
  1361 | D:3      | Reached XP level 4. HP: 34/34 MP: 4/4
  1993 | D:2      | You fall into a shaft and drop 2 floors!
  2526 | D:2      | Noticed Terence
  2998 | D:2      | Killed Terence
  2999 | D:2      | Reached skill level 5 in Ranged Weapons
  2999 | D:2      | Reached XP level 5. HP: 35/39 MP: 5/5
  3427 | D:1      | Found a faded altar of an unknown god.
  3816 | D:4      | Reached XP level 6. HP: 46/47 MP: 6/6
  4719 | D:5      | Entered Level 5 of the Dungeon
  4726 | D:5      | Reached XP level 7. HP: 54/54 MP: 7/7
  5326 | D:5      | Reached skill level 6 in Ranged Weapons
  5343 | D:5      | Found a large runed translucent door.
  5343 | D:5      | Found a large runed translucent door.
  5345 | D:5      | Noticed porpoise's ghost (weakling MfDe)
  5685 | D:6      | Reached XP level 8. HP: 26/64 MP: 8/8
  6006 | D:6      | Found a staircase to the Ecumenical Temple.
  6016 | Temple   | Entered the Ecumenical Temple
  6342 | D:6      | Found an ornate altar of the Wu Jian Council.
  6358 | D:6      | Reached skill level 7 in Ranged Weapons
  6363 | D:6      | Found a shimmering altar of Xom.
  6512 | D:6      | Identified the +1 leather armour "Put-Me-On" {Int+7 Dex+4}
  6837 | D:6      | Found an iron altar of Okawaru.
  7008 | D:6      | Found Basom's Distillery.
  7012 | D:6      | Bought a potion of heal wounds for 65 gold pieces
  7012 | D:6      | Bought a potion of heal wounds for 65 gold pieces
  7012 | D:6      | Bought a potion of heal wounds for 65 gold pieces
  7012 | D:6      | Bought a potion of heal wounds for 65 gold pieces
  7637 | D:7      | You fall into a shaft and drop 2 floors!
  7883 | D:8      | Reached XP level 9. HP: 60/67 MP: 9/9
  7886 | D:8      | Reached skill level 8 in Ranged Weapons
  8224 | D:8      | Noticed a two-headed ogre
  8228 | D:8      | Reached skill level 9 in Ranged Weapons
  8235 | D:8      | Killed a two-headed ogre
  8236 | D:8      | Reached skill level 10 in Ranged Weapons
  8249 | D:8      | Found a white marble altar of Elyvilon.
  8453 | D:7      | Found a bloodstained altar of Trog.
  8861 | D:9      | Reached XP level 10. HP: 80/80 MP: 10/10
  8883 | D:9      | Reached skill level 11 in Ranged Weapons
  8902 | D:9      | Noticed a seven-headed hydra
  9370 | D:9      | Slain by a seven-headed hydra

Illustrated notes

Levels and vault maps discovered:
D:1:      mrwooster_arrival_statue_2, layout_rooms,
          ebering_ecumenical_altar_mist, interstate_on_off
D:2:      layout_rooms, uniq_terence
D:3:      layout_basic, hex_large, st_stairs_9, hangedman_decor_clover_reticule,
          kennysheep_small_spiral
D:4:      layout_loops_ring, chequers_serial_rivers_micro_e
D:5:      layout_cave_pods, ebering_ghost_disaster_area
D:6:      layout_layer_cave, okawaru_altar_gauntlet_db,
          grunt_temple_overflow_open, minmay_temple_entry_mini_moons,
          serial_shops, nicolae_shop_behind_doors, minivault_24
D:7:      layout_basic, general_overflow_altar
D:8:      layout_gridville, lemuel_crystal_altar
D:9:      layout_rooms, mainiacjoe_overflow_tiny_flanked,
          nemelex_spade_bored_becter, erik_orc_4, uniq_harold
Temple:   regret_index_temple_generic_petals

Skill      XL: |  1  2  3  4  5  6  7  8  9 10 |
---------------+-------------------------------+-----
Dodging        | 2 |  2.0
Stealth        | 2 3 4 |  4.0
Ranged Weapons | 5 6 7 10 11 | 11.6
Long Blades    | 1 2 |  2.7
Fighting       | 3 4 5 7 8 |  8.0

Action                   |  1- 3 |  4- 6 |  7- 9 | 10-12 || total
-------------------------+-------+-------+-------+-------++-------
Melee: Double sword      |       |    63 |   120 |    45 ||   228
 Fire: Shortbow          |    82 |    47 |       |    11 ||   140
 Abil: Shaft Self        |     2 |     1 |     1 |       ||     4
Evoke: Wand              |       |       |     4 |     2 ||     6
  Use: Scroll            |       |     4 |     3 |       ||     7
       Potion            |       |       |     1 |     4 ||     5
 Stab: Sleeping          |       |    10 |     6 |       ||    16
       Distracted        |       |       |     2 |       ||     2
Armor: Leather armour    |    13 |    16 |    47 |    25 ||   101
Dodge: Dodged            |    36 |    44 |    95 |    58 ||   233

Table legend: (Time is in decaauts)
 A = Elapsed time spent in this place.
 B = Non-inter-level travel time spent in this place.
 C = Inter-level travel time spent in this place.
 D = Time resting spent in this place.
 E = Time spent auto-exploring this place.
 F = Levels seen in this place.
 G = Mean time per level.
                   A        B        C        D        E       F      G
               +--------+--------+--------+--------+--------+-----+--------+
         Total |   9487 |   8970 |    517 |   2461 |   5221 |  10 |  948.7 |
       Dungeon |   9229 |   8734 |    495 |   2461 |   4992 |   9 | 1025.4 |
        Temple |    257 |    235 |     22 |      0 |    229 |   1 |  257.0 |
               +--------+--------+--------+--------+--------+-----+--------+

Top non-repeatable levels by time:
     D:4: 1814 daAuts
     D:6: 1345 daAuts
     D:3: 1330 daAuts
     D:2: 971 daAuts
     D:7: 953 daAuts
     D:8: 899 daAuts
     D:5: 857 daAuts
     D:1: 658 daAuts
     D:9: 399 daAuts
  Temple: 257 daAuts
